Map: Orbital Shipyard

Players

Awesomesauce

  • Race: Protoss Protoss
  • League: Diamond

ignite - Winner!

  • Race: Terran Terran
  • League: Master

VOD

Have the link to the VOD?

Description

Time

  • Played on: Feb. 28, 2016, 10:55 a.m.
  • Length: 8:38
Show
View Real Time Build Order
Export as new Build Order

Awesomesauce Protoss 

Build Orders: 1 Gate Expand, Colossus Rush 

Get SALT Encoding   

  12  0:01  Probe (Chrono Boost)  
  13  0:11  Probe (Chrono Boost)  
  14  0:18  Pylon  
  14  0:25  Probe (Chrono Boost)  
  15  0:36  Probe (Chrono Boost)  
  15  0:38  Gateway  
  16  0:46  Assimilator  
  16  0:47  Probe (Chrono Boost)  
  17  0:54  Assimilator  
  17  0:57  Probe (Chrono Boost)  
  18  1:18  Nexus  
  18  1:29  Cybernetics Core  
  18  1:32  Probe (Chrono Boost)  
  19  1:40  Assimilator  
  19  1:43  Probe (Chrono Boost)  
  20  1:48  Pylon  
  20  1:53  Probe (Chrono Boost)  
  21  2:04  Probe (Chrono Boost)  
  21  2:06  Adept  
  24  2:10  Warp Gate  
  24  2:15  Probe (Chrono Boost)  
  25  2:25  Probe (Chrono Boost)  
  25  2:27  Gateway  
  26  2:34  Robotics Facility  
  26  2:37  Probe (Chrono Boost)  
  29  2:44  Adept  
  29  2:50  Probe x2 (Chrono Boost)  
  31  3:00  Probe (Chrono Boost)  
  31  3:01  Probe (Chrono Boost)  
  33  3:07  Pylon  
  33  3:11  Adept  
  35  3:14  Adept  
  37  3:20  Probe (Chrono Boost)  
  37  3:23  Observer  
  39  3:27  Probe (Chrono Boost)  
  39  3:31  Probe (Chrono Boost)  
  41  3:40  Robotics Bay  
  41  3:44  Robotics Bay  
  41  3:45  Warp Prism  
  43  3:51  Probe (Chrono Boost)  
  43  3:52  Probe (Chrono Boost)  
  45  3:59  Assimilator  
  45  4:01  Probe (Chrono Boost)  
  45  4:02  Probe (Chrono Boost)  
  47  4:03  Assimilator  
  47  4:13  Probe (Chrono Boost)  
  47  4:16  Mothership Core (Chrono Boost)  
  50  4:24  Probe (Chrono Boost)  
  51  4:25  Pylon  
  51  4:27  Pylon  
  51  4:32  Disruptor  
  54  4:43  Probe x2 (Chrono Boost)  
  56  4:57  Pylon  
  56  5:04  Nexus  
  56  5:10  Extended Thermal Lance (Chrono Boost)  
  56  5:12  Forge  
  56  5:14  Gateway  
  56  5:17  Gateway  
  56  5:22  Sentry  
  56  5:23  Sentry  
  60  5:54  Adept x2, Colossus (Chrono Boost)  
  70  5:58  Gateway  
  70  6:22  Adept x2, Pylon  
  70  6:24  Pylon  
  74  6:27  Protoss Ground Weapons Level 1  
  74  6:29  Gateway  
  74  6:45  Adept  
  74  6:46  Adept x3  
  65  6:59  Adept x2  
  65  7:00  Adept x2  
  61  7:02  Colossus (Chrono Boost)  
  61  7:15  Twilight Council  
  61  7:16  Gateway  
  61  7:18  Probe  
  62  7:26  Adept x4, Pylon  
  62  7:27  Adept  
  64  7:51  Adept  
  63  8:02  Adept x2  
  61  8:07  Adept  
  63  8:13  Probe x2  
  65  8:21  Sentry x3  
  65  8:25  Probe  
  68  8:33  Zealot x3  
  68  8:34  Zealot  
Show
View Real Time Build Order
Export as new Build Order

ignite Terran - Winner!

Build Orders: MMM Bio 

Get SALT Encoding   

  12  0:00  SCV  
  13  0:13  SCV  
  14  0:17  Supply Depot  
  14  0:25  SCV  
  15  0:39  SCV  
  15  0:40  Barracks  
  16  0:44  Refinery  
  16  0:51  SCV  
  17  1:03  SCV  
  18  1:18  Command Center  
  18  1:27  Orbital Command  
  18  1:34  Marine  
  19  1:50  Supply Depot  
  19  1:53  SCV  
  20  1:55  Barracks  
  20  2:05  SCV  
  20  2:08  Barracks  
  21  2:12  Refinery  
  21  2:15  Refinery  
  21  2:17  SCV  
  21  2:20  Marine  
  23  2:29  SCV  
  24  2:31  Orbital Command  
  24  2:41  SCV  
  24  2:43  Marine  
  24  2:44  Barracks Tech Lab  
  25  2:53  SCV  
  25  2:55  Marine  
  25  2:58  SCV  
  28  3:01  Marine  
  28  3:02  Marine  
  28  3:03  Stimpack  
  30  3:08  SCV  
  30  3:12  SCV  
  32  3:23  SCV  
  32  3:26  Marine x3  
  36  3:29  SCV  
  36  3:33  Engineering Bay  
  37  3:34  Factory  
  37  3:36  SCV  
  38  3:42  SCV  
  38  3:47  Supply Depot x2  
  39  3:49  SCV  
  39  3:53  Barracks Reactor  
  39  3:55  Marine x2  
  42  3:56  SCV  
  42  4:01  Terran Infantry Weapons Level 1  
  43  4:03  SCV  
  44  4:10  SCV  
  44  4:15  Marine x2  
  48  4:17  SCV  
  48  4:18  Factory Reactor  
  48  4:21  Starport  
  48  4:23  SCV  
  49  4:32  SCV  
  49  4:36  SCV, Supply Depot  
  49  4:38  Marine x2  
  52  4:39  Marine x2  
  52  4:41  Supply Depot  
  52  4:45  SCV, Refinery  
  56  4:48  Command Center  
  56  4:49  SCV  
  57  4:58  SCV  
  58  5:02  SCV  
  58  5:05  Marine x2  
  58  5:06  Medivac x2  
  65  5:12  SCV, Combat Shields  
  66  5:18  SCV  
  66  5:20  Barracks Tech Lab  
  67  5:24  Marauder  
  67  5:28  Refinery  
  69  5:30  Marine x2  
  69  5:31  SCV x2  
  69  5:34  Supply Depot  
  73  5:36  Supply Depot  
  73  5:39  Armory  
  73  5:40  Concussive Shells  
  73  5:42  Engineering Bay  
  73  5:45  SCV x2  
  75  5:53  Marine  
  75  5:54  Marauder  
  75  5:56  Marine, Marauder  
  81  5:57  Medivac  
  81  6:02  SCV  
  84  6:12  Marine  
  84  6:13  SCV, Marine, Orbital Command  
  84  6:15  Marauder, Terran Infantry Armor Level 1  
  89  6:20  Marauder  
  91  6:29  Barracks  
  91  6:30  SCV x2  
  91  6:31  Marine  
  91  6:32  Barracks  
  94  6:38  Orbital Command  
  94  6:41  Marine  
  94  6:42  Marauder  
  94  6:43  SCV x2  
  98  6:49  Marine, Marauder, Medivac x2  
  102  6:59  Marine  
  90  7:03  Marauder  
  90  7:07  Marine  
  91  7:10  SCV x2  
  91  7:11  SCV  
  96  7:15  Marauder  
  96  7:20  Barracks Tech Lab, Barracks Reactor  
  96  7:23  Marine  
  96  7:25  SCV x3, Supply Depot, Marauder  
  96  7:26  Supply Depot  
  96  7:27  Supply Depot  
  102  7:31  Marine  
  102  7:39  Marine  
  102  7:40  Marauder  
  102  7:43  Marine  
  100  7:46  Marauder  
  100  7:49  Marine  
  101  7:57  Marauder  
  101  7:58  Marine x2  
  102  8:00  Marine  
  102  8:01  Marine  
  105  8:07  Marine  
  105  8:08  Marauder  
  105  8:15  Barracks  
  105  8:16  Barracks, Command Center  
  105  8:17  Marine x2  
  105  8:18  Barracks  
Tags
 
Add a new tag
Caveats
  • Supply blocks, unpowered buildings, or Contaminate may cause inaccurate times.
  • Supply counts are checked every 10 seconds.